 Dungeon Crawl Stone Soup version 0.30.0-29-ga12c61a403 (webtiles) character file.

Game seed: 13902525321986772306

640 Descartes the Shield-Bearer (level 7, -3/56 HPs)
             Began as a Formicid Fighter on June 21, 2023.
             Was an Initiate of Gozag.
             Slain by an ogre
             ... wielding a +0 giant club
              (19 damage)
             ... on level 4 of the Dungeon.
             The game lasted 00:04:43 (3211 turns).

Descartes the Shield-Bearer (Formicid Fighter)      Turns: 3211, Time: 00:04:44

Health: -3/56      AC:  5    Str: 25    XL:     7   Next: 80%
Magic:  7/7        EV: 10    Int: 14    God:    Gozag
Gold:   230        SH: 11    Dex: 16    Spells: 6/6 levels left

rFire   . . .        a - +0 war axe
rCold   . . .        c - +0 buckler
rNeg    . . .        v - +2 leather armour of the Illusory Bounties {Will+ Str+3 Dex+3}
rPois   .            (helmet unavailable)
rElec   .            (no cloak)
rCorr   .            (no gloves)
SInv    +            (no boots)
Will    +....        g - amulet of reflection
Stlth   +            h - +6 ring of intelligence
HPRegen 0.29/turn    (no ring)
MPRegen 0.10/turn

%: reflection
@: no status effects
A: permanent stasis, dig shafts and tunnels, antennae 3, four strong arms
a: Dig, Shaft Self, Renounce Religion, Potion Petition, Call Merchant, Bribe
Branch


You were on level 4 of the Dungeon.
You worshipped Gozag.
Gozag was aware of your devotion.
You visited 2 branches of the dungeon, and saw 6 of its levels.

You collected 284 gold pieces.
You paid 54 gold pieces to Gozag.

Inventory:

Hand Weapons
 a - a +0 war axe (weapon)
Missiles
 f - 6 javelins
 l - 3 poisoned darts
 q - 3 silver boomerangs
Armour
 b - a +0 scale mail
 c - a +0 buckler (worn)
 s - a +0 plate armour
 v - the +2 leather armour of the Illusory Bounties (worn) {Will+ Str+3 Dex+3}
   (You found it on level 4 of the Dungeon)

   Str:       It affects your strength (+3).
   Dex:       It affects your dexterity (+3).
   Will:      It increases your willpower.
Jewellery
 g - an amulet of reflection (around neck)
 h - a +6 ring of intelligence (left hand)
Scrolls
 e - a scroll of fog {unknown}
 i - a scroll of enchant weapon {unknown}
 m - a scroll of blinking {unknown}
 r - a scroll of noise {unknown}
 u - a scroll of enchant armour {unknown}
 x - a scroll of amnesia {unknown}
 y - a scroll of identify {unknown}
 z - a scroll of immolation {unknown}
Potions
 d - a potion of might
 j - a potion of magic {unknown}
 k - 2 potions of haste
 n - 2 potions of heal wounds {unknown}
 o - a potion of attraction {unknown}
 p - 2 potions of curing
 t - a potion of ambrosia {unknown}
 w - a potion of mutation {unknown}


   Skills:
 + Level 5.0 Fighting
 + Level 4.0 Axes
 + Level 5.1 Armour
 + Level 6.1 Shields
 + Level 2.9 Translocations


You had 6 spell levels left.
You didn't know any spells.
Your spell library was empty.

Dungeon Overview and Level Annotations

Branches:
Dungeon (5/15)             Temple (1/1) D:4

Altars:
Ashenzari
Cheibriados
Elyvilon
Fedhas
Gozag
Hepliaklqana
Kikubaaqudgha
Nemelex Xobeh
Okawaru
Qazlal
Sif Muna
Trog
Uskayaw
Vehumet
Xom
Yredelemnul
Zin
The Shining One

Shops:
D:4 [


Innate Abilities, Weirdness & Mutations

You cannot be hasted, slowed, berserked, paralysed or teleported.
You can dig through walls and to a lower floor.
You have a pair of large antennae on your head. (SInv)
Your four strong arms can wield two-handed weapons with a shield.


Message History

You are too injured to fight recklessly!
You are too injured to fight recklessly!
You are too injured to fight recklessly!
You are too injured to fight recklessly!
You are too injured to fight recklessly!
You are too injured to fight recklessly!
You are too injured to fight recklessly!
You are too injured to fight recklessly!
You are too injured to fight recklessly!
You are too injured to fight recklessly!
You are too injured to fight recklessly!
You are too injured to fight recklessly!
You barely miss the ogre.
The ogre is moderately wounded.
You hit the ogre.
The ogre is heavily wounded.
The ogre hits you with a +0 giant club!
* * * LOW HITPOINT WARNING * * *
Unknown command.
The ogre attacks as you move away! The ogre barely misses you.
There is a stone staircase leading up here.
The ogre hits you with a +0 giant club.
* * * LOW HITPOINT WARNING * * *
You climb upwards.
There is a stone staircase leading down here.
You feel better.
You barely miss the ogre.
The ogre is heavily wounded.
The ogre barely misses you.
You slash the ogre!
The ogre is almost dead.
You block the ogre's attack.
You barely miss the ogre.
The ogre is almost dead.
The ogre barely misses you.
You hit the ogre but do no damage.
The ogre is almost dead.
The ogre hits you with a +0 giant club!!
You die...
Your body crumbles into a pile of gold.

............#.#
............#.######
.≈..§.......#......#
..##........#......#
..##[.......#.>....#
.≈..≈.......#......#
............#......##########
............#...O.....).....#
...........##...@..########.###
..........#####.#### #...#
.........### #.# ##### ###.#
........##.# #.# #...# #.#
.......###.# #.# #.>.# #.#
########.).# ### #...# #.#
....# #.### #####.#.######.#
###.# #.# #.........).##.# #.#
#.# #.>.#.⌠.#.>.##.#


You could see an ogre.

Vanquished Creatures
  Grinder (D:4)
  Menkaure (D:4)
  An orc warrior (D:4)
  2 orc priests (D:4)
  An orc wizard (D:4)
  5 adders
  6 worms
  A dart slug (D:4)
  10 orcs
  3 ball pythons
  4 bats
  5 endoplasms
  2 giant cockroaches
  8 goblins
  5 hobgoblins
  9 jackals
  4 kobolds
  2 quokkas
  A frilled lizard (D:3)
  7 rats
78 creatures vanquished.

Notes
Turn   | Place    | Note
-------+----------+-------------------------------------------
     0 | D:1      | Descartes the Formicid Fighter began the quest for the Orb.
     0 | D:1      | Reached XP level 1. HP: 18/18 MP: 1/1
   222 | D:1      | Reached XP level 2. HP: 24/24 MP: 2/2
   695 | D:2      | Found a faded altar of an unknown god.
   787 | D:2      | Found an iron altar of Okawaru.
   846 | D:2      | Reached XP level 3. HP: 29/29 MP: 3/3
  1144 | D:3      | Reached skill level 1 in Translocations
  1197 | D:3      | Reached XP level 4. HP: 37/37 MP: 4/4
  1669 | D:4      | Reached XP level 5. HP: 42/42 MP: 5/5
  1682 | D:4      | Noticed Menkaure
  1693 | D:4      | Killed Menkaure
  1694 | D:4      | Reached skill level 5 in Shields
  1694 | D:4      | Reached XP level 6. HP: 22/48 MP: 6/6
  1811 | D:4      | Noticed an orc warrior
  1827 | D:4      | Killed an orc warrior
  1831 | D:4      | Reached XP level 7. HP: 25/55 MP: 7/7
  2086 | D:4      | Noticed Grinder
  2105 | D:4      | Killed Grinder
  2106 | D:4      | Reached skill level 5 in Armour
  2106 | D:4      | Reached skill level 6 in Shields
  2269 | D:4      | Found a staircase to the Ecumenical Temple.
  2332 | Temple   | Entered the Ecumenical Temple
  2549 | Temple   | Became a worshipper of Gozag Ym Sagoz the Greedy
  2570 | D:4      | Reached skill level 5 in Fighting
  2610 | D:4      | Found Zoosch's Armour Boutique.
  2690 | D:4      | Identified the +2 leather armour of the Illusory Bounties
                  | {Will+ Str+3 Dex+3}
  3176 | D:5      | Entered Level 5 of the Dungeon
  3211 | D:4      | Slain by an ogre

Illustrated notes

Levels and vault maps discovered:
D:1:      lightli_arrival_statue_moat, layout_rooms, chequers_big_river
D:2:      layout_rooms, ebering_ecumenical_altar_mist, basic_altar, minivault_11
D:3:      layout_basic
D:4:      kennysheep_big_flooded_room, layout_loops_ring,
          minmay_temple_entry_proselytizer, serial_shops, shop, serial_rivers,
          chequers_serial_rivers_large_a, chequers_serial_rivers_micro_a,
          chequers_serial_rivers_micro_e, chequers_serial_rivers_room_b,
          nicolae_elevator_lobby_plus, uniq_grinder, uniq_menkaure
D:5:      layout_loops_corners
Temple:   mainiacjoe_temple_bowtie_tessellation

Skill      XL: |  1  2  3  4  5  6  7 |
---------------+----------------------+-----
Translocations | 1 2 |  2.9
Armour         | 4 5 |  5.1
Fighting       | 4 5 |  5.0
Axes           | 3 4 |  4.0
Shields        | 5 6 |  6.1

Action                     |  1- 3 |  4- 6 |  7- 9 || total
---------------------------+-------+-------+-------++-------
  Melee: War axe           |    74 |    88 |    72 ||   234
    Use: Potion            |       |       |     3 ||     3
 Armour: Scale mail        |    22 |    25 |       ||    47
         Plate armour      |       |     9 |    19 ||    28
         Leather armour    |       |       |     1 ||     1
  Dodge: Dodged            |    30 |    36 |    16 ||    82
  Block: Buckler           |    35 |    58 |    34 ||   127
         Reflection        |       |     3 |     2 ||     5
